 Dungeon Sprint DCSS version 0.19.5 (webtiles) character file.

67773 JeffiDaFish the Executioner (level 14, -7/151 HPs)
             Began as a Minotaur Fighter on Dec 9, 2017.
             Was the Champion of Makhleb.
             Shot with an arrow by a deep elf master archer (16 damage)
             ... in the Dungeon (Sprint V: "Ziggurat Sprint").
             The game lasted 00:15:34 (1507 turns).

JeffiDaFish the Executioner (Minotaur Fighter)      Turns: 1507, Time: 00:15:35

Health: -7/151     AC: 27    Str: 27    XL:     14   Next: 84%
Magic:  21/21      EV: 14    Int:  5    God:    Makhleb [******]
Gold:   0          SH: 36    Dex: 22    Spells: 0 memorised, 13 levels left

rFire  . . .     SeeInvis +     O - +14 obsidian axe {chop, +Fly SInv *Curse} (curse)
rCold  . . .     Gourm    .     p - +5 shadow dragon scales
rNeg   + + .     Faith    .     Q - +18 shield of the Gong {rElec rN+ MR+ EV-5}
rPois  .         Spirit   .     V - +2 hat of the High Council {Archmagi, Wiz- Stlth-}
rElec  +         Reflect  .     (no cloak)
rCorr  .         Harm     .     (no gloves)
MR     ++...     NoTele   +     S - +0 pair of boots {run}
Stlth  +++.......               (no amulet)
                                B - ring "Iterhoti" {rN+ Str+5 Dex+2}
                                y - +6 ring of dexterity

@: mesmerised, drained, quick
A: retaliatory headbutt, horns 2, deterioration 1
a: Minor Destruction, Lesser Servant of Makhleb, Major Destruction, Greater
Servant of Makhleb, Renounce Religion, Evoke Flight


You were in the Dungeon.
You worshipped Makhleb.
Makhleb was exalted by your worship.
You were hungry.

You visited 1 branch

Inventory:

Hand Weapons
 b - a +5 broad axe
 r - a +5 executioner's axe
 O - the cursed +14 obsidian axe (weapon) {chop, +Fly SInv *Curse}
   (You found it in the Dungeon)

   It inflicts extra damage upon your enemies.
   It lets you see invisible.
   It lets you fly.
   It may re-curse itself when equipped.
   It has a curse placed upon it.
Armour
 l - a +5 crystal plate armour
 m - +5 fire dragon scales
 n - +5 gold dragon scales
 o - +5 ice dragon scales
 p - +5 shadow dragon scales (worn)
 q - +5 storm dragon scales
 P - the +15 Maxwell's patent armour {-Cast -Tele rElec MR+ rCorr}
   (You found it in the Dungeon)

   It insulates you from electricity.
   It affects your resistance to hostile enchantments.
   It prevents spellcasting.
   It prevents most forms of teleportation.
   It protects you from acid and corrosion.
 Q - the +18 shield of the Gong (worn) {rElec rN+ MR+ EV-5}
   (You found it in the Dungeon)

   It affects your evasion (-5).
   It insulates you from electricity.
   It protects you from negative energy.
   It affects your resistance to hostile enchantments.
 S - a +0 pair of boots of running (worn)
 V - the +2 hat of the High Council (worn) {Archmagi, Wiz- Stlth-}
   (You found it in the Dungeon)

   It makes you less stealthy.
Jewellery
 y - a +6 ring of dexterity (left hand)
 B - the ring "Iterhoti" (right hand) {rN+ Str+5 Dex+2}
   (You found it in the Dungeon)

   [ring of strength]

   It affects your strength (+5).
   It affects your dexterity (+2).
   It protects you from negative energy.
 I - the ring of the Yeti {*Contam rC+++ Dex+3 Slay+5}
   (You found it in the Dungeon)

   [ring of dexterity]

   It affects your dexterity (+3).
   It affects your accuracy and damage with ranged weapons and melee attacks
   (+5).
   It renders you almost immune to cold.
   It causes magical contamination when unequipped.
 W - the amulet of Amiedo {*Corrode +Rage +Inv Int+2}
   (You took it off a necromancer in the Dungeon)

   [amulet of rage]

   It affects your intelligence (+2).
   It lets you turn invisible.
   It lets you go berserk.
   It may corrode you when you take damage.
 X - the ring "Paimeheg" {rC++ SInv}
   (You took it off a vampire mage in the Dungeon)

   [ring of see invisible]

   It greatly protects you from cold.
   It lets you see invisible.
 Y - the ring of Entrepreneurial Spirit {*Slow rPois rC+ Str+4}
   (You took it off a necromancer in the Dungeon)

   [ring of protection from cold]

   It affects your strength (+4).
   It protects you from cold.
   It protects you from poison.
   It may slow you when you take damage.
 Z - the ring of Shadows {Umbra +Inv Stlth+}
   (You found it in the Dungeon)

   [ring of stealth]

   It lets you turn invisible.
   It makes you more stealthy.
Wands
 H - a wand of hasting (7/9)
 K - a wand of disintegration (7/24)
 L - a wand of iceblast (5/15)
 M - a wand of lightning (5/15)
 N - a wand of acid (5/15)
 R - a wand of hasting (2/9)
Scrolls
 a - 4 scrolls of amnesia
 c - 4 scrolls of recharging
 k - 4 scrolls of blinking
 s - 7 scrolls of fog
 t - 2 scrolls of holy word
 u - 5 scrolls of identify
 v - 5 scrolls of remove curse
 w - 2 scrolls of fear
 F - 3 scrolls of brand weapon
 T - 4 scrolls of enchant armour
 U - 4 scrolls of enchant weapon
Potions
 d - 6 potions of might
 e - 10 potions of curing
 g - 6 potions of heal wounds
 h - 5 potions of haste
 i - 7 potions of magic
 j - 3 potions of berserk rage
 x - 2 potions of brilliance
 z - 2 potions of invisibility
 A - 4 potions of resistance
 C - 5 potions of agility
Comestibles
 f - 5 bread rations
 D - 42 fruits
 E - 4 meat rations


   Skills:
 * Level 21.2(21.0) Fighting
 * Level 23.4(23.1) Axes
 * Level 20.0(19.8) Armour
 + Level 12.7(12.5) Dodging
 - Level 3.9(3.8) Stealth
 * Level 23.0(22.7) Shields
 + Level 11.5(11.4) Invocations


You had 13 spell levels left.
You didn't know any spells.

Dungeon Overview and Level Annotations

Branches:
Dungeon (1/1)

Altars:
Ashenzari
Cheibriados
Dithmenos
Elyvilon
Fedhas
Gozag
Hepliaklqana
Kikubaaqudgha
Makhleb
Nemelex Xobeh
Okawaru
Qazlal
Ru
Sif Muna
Trog
Uskayaw
Vehumet
Xom
Yredelemnul
Zin
The Shining One
Beogh
Jiyva
Lugonu


Innate Abilities, Weirdness & Mutations

You reflexively headbutt those who attack you in melee.
You have a pair of horns on your head.
Your body sometimes deteriorates upon taking damage.


Message History

The deep elf blademaster hits you with a rapier.
* * * LOW HITPOINT WARNING * * *
Your sixfirhy completely misses the deep elf blademaster.
The deep elf blademaster barely misses you.
The deep elf blademaster hits you but does no damage.
You partially resist.
You feel drained. You block the fire elemental's attack.
GONNNNG!
The deep elf blademaster hits you with a rapier!
* * * LOW HITPOINT WARNING * * *
You block the deep elf blademaster's attack.
PTOANNNG!
You block the deep elf knight's attack.
BONNNG!
The deep elf annihilator is empowered by the deep elf high priest's aura!
The deep elf high priest shouts, "You are a heretic and must be destroyed!"
You block the halberd of pain's attack.
GONNNNG!
The deep elf master archer shoots an arrow.
The arrow hits you!
You die...

▓....... ▓..}).).:[)}...
▓....... ▓..))):/!e[Y[|.
▓.......
▓....[?==.=)....▓.......
▓......eeEY...e.▓..▓....
▓......e§*e.....▓.▓▓▓)).
▓....ee§(ee.....▓..▓..).
▓....eeeEe......▓.....).
▓....ee@e....§..▓...|...
▓.....e(e3......▓▓▓▓▓▓▓▓
▓.....e.....e...
▓...▓.......▓...
▓..........(e...
▓.........§.....
▓...............
▓▓▓▓▓▓▓▓▓▓▓▓▓▓▓▓


You could see 5 deep elf blademasters, a deep elf master archer, 5 deep elf
annihilators, a deep elf sorcerer, 2 deep elf archers, 3 deep elf knights, 2
deep elf high priests, an earth elemental, 3 deep elf magi, a fire elemental, 2
ice beasts, a halberd of pain, a battlesphere and a friendly sixfirhy.

Vanquished Creatures
  An ancient lich (D)
  A lich (D)
  A deep elf blademaster (D)
  4 shadow dragons (D)
  An azure jelly (D)
  2 balrugs (D)
  A vampire knight (D)
  3 white draconians (D)
  A yellow draconian (D)
  3 black draconians (D)
  2 green draconians (D)
  2 red draconians (D)
  3 death oozes (D)
  4 vampire magi (D)
  A hell hog (D)
  2 hell knights (D)
  8 soul eaters (D)
  A skeletal warrior (D)
  A flayed ghost (D)
  4 spriggan druids (D)
  5 necromancers (D)
  3 shining eyes (D)
  A deep elf mage (D)
  A rust devil (D)
  2 hellions (D)
  2 tormentors (D)
  4 red devils (D)
  4 hornets (D)
  3 two-headed ogres (D)
  3 slime creatures (D)
  A flying skull (D)
  3 vampires (D)
  9 spriggans (D)
  10 shadows (D)
  3 hell hounds (D)
  2 water moccasins (D)
  3 necrophages (D)
  2 ogres (D)
  8 black bears (D)
  A phantom (D)
  9 wolves (D)
  An earth elemental (D)
  7 wights (D)
  A crimson imp (D)
  A quasit (D)
  3 jellies (D)
  An adder (D)
  A white imp (D)
  An ooze (D)
  A spectral adder (D)
  6 adder zombies (D)
  10 adder skeletons (D)
  A spectral bat (D)
  11 bat skeletons (D)
  7 bat zombies (D)
  A ball python (D)
  2 ball python skeletons (D)
  3 giant cockroach zombies (D)
  2 jackal skeletons (D)
  3 jackal zombies (D)
  5 leopard gecko skeletons (D)
  2 leopard gecko zombies (D)
  A quokka skeleton (D)
  2 quokka zombies (D)
  A spectral jackal (D)
  A spectral leopard gecko (D)
  A spectral quokka (D)
201 creatures vanquished.

Vanquished Creatures (collateral kills)
  A shadow dragon (D)
  A green draconian (D)
  A vampire knight (D)
  A black draconian (D)
  A vampire mage (D)
  A hell knight (D)
  2 necromancers (D)
  A meliai (shapeshifter) (D)
  A slime creature (D)
  A spriggan (D)
  A black bear (D)
  2 wolves (D)
  A ball python zombie (D)
15 creatures vanquished.

Vanquished Creatures (others)
  A white draconian (D)
  A bat skeleton (D)
  2 bat zombies (D)
  A leopard gecko zombie (D)
5 creatures vanquished.

Grand Total: 221 creatures vanquished

Notes
Turn   | Place    | Note
-------+----------+-------------------------------------------
     0 | D        | JeffiDaFish the Minotaur Fighter began the quest for the Orb.
     0 | D        | Reached XP level 1. HP: 19/19 MP: 0/0
    26 | D        | Found a blossoming altar of Fedhas.
    27 | D        | Found a viscous altar of Jiyva.
    27 | D        | Found a hazy altar of Hepliaklqana.
    27 | D        | Found an opulent altar of Gozag.
    27 | D        | Found an ancient bone altar of Kikubaaqudgha.
    27 | D        | Found a corrupted altar of Lugonu.
    48 | D        | Found a burning altar of Makhleb.
    49 | D        | Found a sacrificial altar of Ru.
    49 | D        | Found a deep blue altar of Sif Muna.
    49 | D        | Found a stormy altar of Qazlal.
    49 | D        | Found a bloodstained altar of Trog.
    49 | D        | Found an iron altar of Okawaru.
    49 | D        | Found a sparkling altar of Nemelex Xobeh.
    98 | D        | Became a worshipper of Makhleb the Destroyer
   125 | D        | Entered arena 1.
   125 | D        | Noticed a quasit
   128 | D        | Killed a quasit
   128 | D        | Reached skill level 5 in Fighting
   128 | D        | Reached skill level 5 in Armour
   128 | D        | Reached skill level 5 in Shields
   128 | D        | Reached XP level 2. HP: 29/29 MP: 1/1
   128 | D        | Reached XP level 3. HP: 36/36 MP: 2/2
   132 | D        | Entered arena 2.
   132 | D        | Noticed a slime creature
   132 | D        | Noticed a slime creature
   135 | D        | Reached * piety under Makhleb
   142 | D        | Killed a slime creature
   142 | D        | Reached XP level 4. HP: 37/49 MP: 3/3
   142 | D        | Reached XP level 5. HP: 42/56 MP: 4/4
   143 | D        | Killed a slime creature
   143 | D        | Reached skill level 10 in Fighting
   143 | D        | Reached skill level 1 in Stealth
   143 | D        | Reached XP level 6. HP: 41/66 MP: 5/5
   152 | D        | Entered arena 3.
   152 | D        | Noticed a water moccasin
   152 | D        | Noticed a water moccasin
   154 | D        | Reached ** piety under Makhleb
   156 | D        | Killed a water moccasin
   160 | D        | Killed a water moccasin
   160 | D        | Reached skill level 10 in Axes
   160 | D        | Reached XP level 7. HP: 49/73 MP: 6/6
   175 | D        | Entered arena 4.
   175 | D        | Noticed a spriggan
   178 | D        | Reached *** piety under Makhleb
   178 | D        | Noticed a ynoxinul
   179 | D        | Killed a spriggan
   434 | D        | Entered arena 5.
   434 | D        | Noticed a two-headed ogre
   434 | D        | Noticed a two-headed ogre
   434 | D        | Noticed a two-headed ogre
   439 | D        | Killed a two-headed ogre
   439 | D        | Reached **** piety under Makhleb
   439 | D        | Reached skill level 10 in Armour
   439 | D        | Reached XP level 8. HP: 83/83 MP: 7/7
   439 | D        | Reached skill level 10 in Shields
   441 | D        | Killed a two-headed ogre
   443 | D        | Killed a two-headed ogre
   443 | D        | Reached ***** piety under Makhleb
   443 | D        | Reached skill level 1 in Dodging
   462 | D        | Entered arena 6.
   462 | D        | Noticed a spriggan druid
   462 | D        | Noticed a spriggan druid
   462 | D        | Noticed a spriggan druid
   468 | D        | Killed a spriggan druid
   468 | D        | Reached XP level 9. HP: 92/92 MP: 8/8
   470 | D        | Killed a spriggan druid
   470 | D        | Reached skill level 15 in Axes
   472 | D        | Killed a spriggan druid
   512 | D        | Entered arena 7.
   518 | D        | Reached ****** piety under Makhleb
   528 | D        | Entered arena 8.
   536 | D        | Reached XP level 10. HP: 101/101 MP: 9/9
   536 | D        | Noticed a sixfirhy
   572 | D        | Entered arena 9.
   572 | D        | Noticed a spriggan rider
   600 | D        | Got the ring of Gifemnul {*Corrode +Blink rF+++ MP+9 Str-3}
   606 | D        | Got the ring "Vymacsul" {SInv Stlth-}
   612 | D        | Entered arena 10.
   612 | D        | Noticed a spriggan rider
   612 | D        | Noticed a spriggan rider
   612 | D        | Noticed a spriggan rider
   612 | D        | Noticed a spriggan druid
   619 | D        | Reached skill level 1 in Invocations
   621 | D        | Killed a spriggan druid
   650 | D        | Entered arena 11.
   651 | D        | Noticed a shadow dragon
   669 | D        | Killed a shadow dragon
   669 | D        | Reached skill level 15 in Fighting
   669 | D        | Reached XP level 11. HP: 77/112 MP: 12/12
   677 | D        | Got the ring "Kiraxats" {MP+9 Str+3 Dex+4}
   732 | D        | Reached XP level 12. HP: 101/119 MP: 14/14
   736 | D        | Entered arena 12.
   746 | D        | Reached skill level 5 in Invocations
   751 | D        | Reached skill level 15 in Shields
   761 | D        | Got the ring "Iterhoti" {rN+ Str+5 Dex+2}
   772 | D        | Entered arena 13.
   804 | D        | Entered arena 14.
   809 | D        | Noticed a death ooze
   809 | D        | Noticed a death ooze
   810 | D        | Noticed an azure jelly
   812 | D        | Noticed a death ooze
   814 | D        | Killed a death ooze
   817 | D        | Killed a death ooze
   822 | D        | Killed an azure jelly
   824 | D        | Gained mutation: Your body sometimes deteriorates upon taking damage. [a shining eye]
   827 | D        | Killed a death ooze
   827 | D        | Reached skill level 15 in Armour
   835 | D        | Got the amulet of Cigaorghoxuz {Harm *Drain rC+ rN+}
   840 | D        | Got the ring "Cicol" {rF+ rC+ Str+3 Dex+2}
   843 | D        | Got the amulet of Untruth {Gourm rElec rPois rF-}
   848 | D        | Entered arena 15.
   849 | D        | Noticed a black draconian
   849 | D        | Noticed a red draconian
   849 | D        | Noticed a white draconian
   849 | D        | Noticed a green draconian
   849 | D        | Noticed a white draconian
   849 | D        | Noticed a white draconian
   849 | D        | Noticed a green draconian
   850 | D        | Noticed a black draconian
   850 | D        | Noticed a black draconian
   851 | D        | Noticed a red draconian
   851 | D        | Noticed a green draconian
   851 | D        | Noticed a yellow draconian
   851 | D        | Noticed a black draconian
   851 | D        | Noticed a blizzard demon
   851 | D        | Identified a -1 rod of shadows (5/10)
   854 | D        | Noticed a white draconian
   859 | D        | Killed a red draconian
   862 | D        | Killed a green draconian
   862 | D        | Reached XP level 13. HP: 54/132 MP: 17/17
   866 | D        | Killed a white draconian
   866 | D        | Killed a black draconian
   871 | D        | Killed a green draconian
   871 | D        | Killed a white draconian
   874 | D        | Killed a red draconian
   874 | D        | Killed a yellow draconian
   875 | D        | Killed a black draconian
   875 | D        | Identified a +3 rod of clouds (3/9)
   878 | D        | Killed a white draconian
   881 | D        | Killed a green draconian
   882 | D        | Killed a white draconian
   886 | D        | Killed a black draconian
   886 | D        | Reached skill level 10 in Dodging
   889 | D        | Killed a black draconian
   931 | D        | Got the ring of the Yeti {*Contam rC+++ Dex+3 Slay+5}
   942 | D        | Entered arena 16.
   946 | D        | Noticed a balrug
   947 | D        | Noticed a balrug
   954 | D        | Killed a balrug
   956 | D        | Identified a +3 rod of clouds (3/9)
   959 | D        | Killed a balrug
   983 | D        | Entered arena 17.
   986 | D        | Noticed a shadow dragon
   986 | D        | Noticed a shadow dragon
   987 | D        | Noticed a shadow dragon
   987 | D        | Noticed a shadow dragon
  1006 | D        | Killed a shadow dragon
  1008 | D        | Killed a shadow dragon
  1009 | D        | Killed a shadow dragon
  1009 | D        | Reached XP level 14. HP: 146/146 MP: 20/20
  1014 | D        | Killed a shadow dragon
  1014 | D        | Reached skill level 10 in Invocations
  1023 | D        | Got the amulet "Xott" {Reflect *Corrode Int+8 SH+4}
  1037 | D        | Got the ring "Itaunete" {Ice MR+ Int+2}
  1042 | D        | Entered arena 18.
  1087 | D        | Got the amulet of Amiedo {*Corrode +Rage +Inv Int+2}
  1109 | D        | Got the ring "Paimeheg" {rC++ SInv}
  1109 | D        | Got the ring of Entrepreneurial Spirit {*Slow rPois rC+ Str+4}
  1130 | D        | Entered arena 19.
  1404 | D        | Identified a +0 pair of boots of running (You found it in the Dungeon)
  1424 | D        | Got the amulet of Bexorudy {Harm *Drain rC+ MR+ SInv}
  1429 | D        | Entered arena 20.
  1429 | D        | Noticed a vampire knight
  1438 | D        | Noticed an ancient lich
  1440 | D        | Noticed a lich
  1442 | D        | Noticed a vampire knight
  1442 | D        | Killed a vampire knight
  1448 | D        | Killed an ancient lich
  1451 | D        | Killed a lich
  1469 | D        | Killed a vampire knight
  1489 | D        | Entered arena 21.
  1493 | D        | Noticed a deep elf blademaster
  1493 | D        | Noticed a deep elf blademaster
  1494 | D        | Noticed a deep elf master archer
  1494 | D        | Noticed a deep elf blademaster
  1494 | D        | Noticed a deep elf blademaster
  1495 | D        | Noticed a deep elf sorcerer
  1495 | D        | Noticed a deep elf blademaster
  1495 | D        | Noticed a deep elf blademaster
  1502 | D        | Killed a deep elf blademaster
  1507 | D        | Shot with an arrow by a deep elf master archer

Skill      XL: |  1  2  3  4  5  6  7  8  9 10 11 12 13 14 |
---------------+-------------------------------------------+-----
Fighting       | 5 8 10 11 12 13 15 17 19 21 | 21.2
Armour         | 5 7 8 9 10 11 12 15 17 20 | 20.0
Shields        | 5 7 8 9 11 12 14 16 20 23 | 23.0
Axes           | 3 7 8 10 12 14 16 18 20 21 23 | 23.4
Stealth        | 1 2 3 |  3.9
Dodging        | 1 2 4 6 8 11 12 | 12.7
Invocations    | 3 4 7 9 11 | 11.5

Action                   |  1- 3 |  4- 6 |  7- 9 | 10-12 | 13-15 || total
-------------------------+-------+-------+-------+-------+-------++-------
Melee: Broad axe         |     9 |     7 |    39 |    95 |   157 ||   307
       Headbutt          |     1 |       |     7 |    20 |    47 ||    75
Invok: Greater Servant o |       |       |       |     3 |       ||     3
       Major Destruction |       |       |       |     2 |       ||     2
  Use: Potion            |       |       |       |     4 |     2 ||     6
 Stab: Distracted        |       |     1 |     1 |       |     2 ||     4
  Eat: Chunk             |       |       |       |       |     2 ||     2
Armor: Shadow dragon sca |     4 |     3 |    11 |       |    22 ||    40
       Fire dragon scale |       |       |     2 |    32 |    35 ||    69
Dodge: Dodged            |     2 |       |     4 |    20 |    61 ||    87
Block: Shield            |    10 |     7 |    56 |   140 |   282 ||   495
